 Dungeon Crawl Stone Soup version 0.28.0-43-g3370ac3207 (webtiles) character file.

Game seed: 12712983236348135702

54 bnorton916 the Chiller (level 3, -2/23 (24) HPs)
             Began as a Barachi Ice Elementalist on Mar 16, 2022.
             Slain by a hobgoblin (4 damage)
             ... on level 4 of the Dungeon.
             The game lasted 00:06:09 (3453 turns).

bnorton916 the Chiller (Barachi Ice Elementalist)   Turns: 3453, Time: 00:06:09

HP:   -2/23 (24)    AC:  2    Str:  9    XL:     3   Next: 91%
MP:   2/7           EV: 12    Int: 23    God:
Gold: 103           SH:  0    Dex: 12    Spells: 1/8 levels left

rFire   . . .      SeeInvis .   h - +0 dagger (speed)
rCold   . . .      Faith    .   (no shield)
rNeg    . . .      Spirit   .   a - +0 robe
rPois   .          Reflect  .   (no helmet)
rElec   .          Harm     .   (no cloak)
rCorr   .          Rampage  .   (no gloves)
Will    .....                   (no boots)
Stlth   ++........              (no amulet)
HPRegen 0.07/turn               g - +6 ring of intelligence
MPRegen 0.10/turn               (no ring)

@: unable to hop, flying, very slightly contaminated, lightly drained,
invisible, slow
A: amphibious, slowness 1, strong legs 1, +LOS
a: Hop


You were on level 4 of the Dungeon.
You visited 1 branch of the dungeon, and saw 4 of its levels.

You collected 103 gold pieces.

Inventory:

Hand Weapons
 h - a +0 dagger of speed (weapon)
Missiles
 f - 15 stones
 j - 2 boomerangs (quivered)
Armour
 a - a +0 robe (worn)
 i - the +3 leather armour of Bitterness {Dex+5}
   (You found it on level 2 of the Dungeon)

   Dex:       It affects your dexterity (+5).
Jewellery
 g - a +6 ring of intelligence (left hand)
Scrolls
 b - a scroll of holy word
 d - 4 scrolls of fog


   Skills:
 + Level 1.2 Armour
 - Level 2.1 Dodging
 - Level 1.7 Stealth
 + Level 3.2 Spellcasting
 + Level 5.6 Ice Magic


You had one spell level left.
You knew the following spells:

 Your Spells              Type           Power      Damage    Failure   Level
a - Freeze                Ice            100%       1d11      1%          1
b - Frozen Ramparts       Ice            58%        1d7       3%          3
c - Ozocubu's Armour      Ice            29%        N/A       3%          3

Your spell library contained the following spells:

 Spells                   Type           Power      Damage    Failure   Level
 Hailstorm                Conj/Ice       16%        3d6       34%         4


Dungeon Overview and Level Annotations

Branches:
Dungeon (4/15)
 Temple: D:4-7

Altars:
Fedhas
Makhleb

Annotations:
D:2 Sigmund


Innate Abilities, Weirdness & Mutations

You are amphibious.
You cover ground slowly.
You can hop short distances.
You have an extended range of vision and can be seen from far away.


Message History

The spell is quite dangerous to miscast (3% risk of failure)!
Continue anyway? [Y]es or [N]o only, please.
The spell is quite dangerous to miscast (3% risk of failure)!
Continue anyway?
You miscast Ozocubu's Armour.
You are very lightly contaminated with residual magic.
Nothing appears to happen.
The wall freezes the ogre.
The ogre hits you with a +0 giant club!
Ouch! That really hurt!
* * * LOW HITPOINT WARNING * * *
Unknown command.
You aren't carrying any items that you can evoke.
Unknown command.
Hop to where?
Press: ? - help, Dir - move target Your frozen ramparts will break if you move.
Continue?
The frozen ramparts melt away as you move.
Boing!
You aren't carrying any items that you can evoke.
Unknown command.
Unknown command.
As you read the scroll of teleportation, it crumbles to dust.
You feel strangely unstable.
Found a robe.
Your surroundings suddenly seem different.
An orc warrior, an orc, an iguana and a hobgoblin come into view.
Found 20 stones and 4 gold pieces.
Found a stone staircase leading down.
The hobgoblin shouts!
Okay, then.
Unknown command.
Unknown command.
Unknown command.
Unknown command.
It was a potion of invisibility.
You fade into invisibility!
It was a potion of flight.
You feel very buoyant.
You fly up into the air.
Found 12 arrows.
The hobgoblin hits you.
You die...

#..#.#.......####
#..#.#..........
###...(........#
...............###.#
.....................
....$>.#.o..........
#....#............
#....#g..........#
#....@.....####...
####.........# ##
#.........#
..........#
#.....(....#
#........#.#
#....#.......
#....#.......
............


You could see an orc warrior and a hobgoblin.

Vanquished Creatures
  A dart slug (D:1)
  9 orcs (D:3)
  4 ball pythons
  4 endoplasms
  A giant cockroach (D:2)
  3 goblins (D:1)
  5 hobgoblins
  2 bats
  4 kobolds
  6 rats
  A spectral goblin (D:3)
40 creatures vanquished.

Notes
Turn   | Place    | Note
-------+----------+-------------------------------------------
     0 | D:1      | bnorton916 the Barachi Ice Elementalist began the quest for
                  | the Orb.
     0 | D:1      | Reached XP level 1. HP: 13/13 MP: 3/3
   189 | D:1      | Reached skill level 5 in Ice Magic
   419 | D:1      | Reached XP level 2. HP: 19/19 MP: 2/5
  1330 | D:2      | Noticed Sigmund
  1779 | D:2      | Identified the +3 leather armour of Bitterness {Dex+5}
  1806 | D:2      | Reached XP level 3. HP: 22/24 MP: 1/7
  1954 | D:2      | Learned a level 3 spell: Frozen Ramparts
  1958 | D:2      | Learned a level 3 spell: Ozocubu's Armour
  2050 | D:3      | Found a burning altar of Makhleb.
  2213 | D:3      | Reached skill level 1 in Armour
  2580 | D:3      | Found a blossoming altar of Fedhas.
  3009 | D:3      | Found a faded altar of an unknown god.
  3436 | D:4      | Noticed an ogre
  3441 | D:4      | HP: 1/23 [ogre/+0 giant club (15)]
  3446 | D:4      | Noticed an orc warrior
  3453 | D:4      | Slain by a hobgoblin

Illustrated notes

Levels and vault maps discovered:
D:1:      amcnicky_arrival_abandoned_market, layout_basic, minmay_door_square,
          minmay_pentomino_t2
D:2:      layout_rooms, uniq_sigmund
D:3:      layout_loops_corners, lemuel_doored_altar,
          mainiacjoe_overflow_small_starburst,
          dreamdust_ecumenical_altar_drowned_temple
D:4:      minmay_angry_zag, layout_basic, zin_scriptorium,
          minmay_temple_entry_stoned_glass, enter_ossuary_4

Skill      XL: |  1  2  3 |
---------------+----------+-----
Ice Magic      | 5 |  5.6
Spellcasting   | 3 |  3.2
Armour         | 1 |  1.2
Dodging        | |  2.1
Stealth        | |  1.7

Action                   || total
-------------------------++-------
Melee: Unarmed           ||     1
       Dagger            ||     7
Throw: Boomerang         ||     1
 Cast: Freeze            ||    42
       Frozen Ramparts   ||     3
       Ozocubu's Armour  ||     1
 Abil: Hop               ||     1
  Use: Potion            ||     3
       Scroll            ||     4
Armor: Robe              ||     6
Dodge: Dodged            ||    23
